 Dungeon Crawl Stone Soup version 0.28.0-45-g0d030f2227 (webtiles) character file.

Game seed: 1232567964593560015

7 pkoi the Sneak (level 1, -8/17 HPs)
             Began as a Demigod Brigand on Apr 21, 2022.
             Mangled by a gnoll
             ... wielding a +0 spear
              (10 damage)
             ... on level 1 of the Dungeon.
             The game lasted 00:00:38 (338 turns).

pkoi the Sneak (Demigod Brigand)                     Turns: 338, Time: 00:00:39

Health: -8/17      AC:  3    Str: 12    XL:     1   Next: 73%
Magic:  3/3        EV: 10    Int: 13    God:
Gold:   0          SH:  8    Dex: 15    Spells: 0/0 levels left

rFire   + . .      SeeInvis .   a - +2 dagger
rCold   . . .      Faith    .   g - +1 kite shield {rF+}
rNeg    . . .      Spirit   .   b - +0 robe
rPois   .          Reflect  .   (no helmet)
rElec   .          Harm     .   c - +0 cloak
rCorr   .          Rampage  .   (no gloves)
Will    .....                   (no boots)
Stlth   ++........              (no amulet)
HPRegen 0.05/turn               (no ring)
MPRegen 0.08/turn               (no ring)

@: no status effects
A: high MP 1, forlorn, divine attributes
a: no special abilities


You were on level 1 of the Dungeon.
You visited 1 branch of the dungeon, and saw 1 of its levels.

Inventory:

Hand Weapons
 a - a +2 dagger (weapon)
Missiles
 d - 8 poisoned darts (quivered)
 e - 2 curare-tipped darts
Armour
 b - a +0 robe (worn)
 c - a +0 cloak (worn)
 g - a +1 kite shield of fire resistance (worn)
Scrolls
 h - a scroll of enchant weapon {unknown}
Potions
 f - 2 potions of brilliance {unknown}


   Skills:
 + Level 1.9 Fighting
 + Level 2.0 Short Blades
 - Level 1.7 Throwing
 + Level 1.1 Dodging
 + Level 3.7 Stealth
 + Level 0.1 Shields


You couldn't memorise any spells.
You didn't know any spells.
Your spell library was empty.

Dungeon Overview and Level Annotations

Branches:
Dungeon (1/15)


Innate Abilities, Weirdness & Mutations

You have an increased reservoir of magic. (+10% MP)
You shall have no god before yourself.
Your divine heritage dramatically boosts your attributes as you level up.


Message History

* * * LOW HITPOINT WARNING * * *
Your Short Blades skill increases to level 2!
The gnoll closely misses you.
You hit the gnoll.
The gnoll is moderately wounded.
You block the gnoll's attack.
You hit the gnoll.
The gnoll is heavily wounded.
The gnoll barely misses you.
You hit the gnoll.
The gnoll is severely wounded.
The kobold hits you with a +0 short sword.
* * * LOW HITPOINT WARNING * * *
You block the gnoll's attack.
You barely miss the gnoll.
The gnoll is severely wounded.
The kobold hits you with a +0 short sword.
* * * LOW HITPOINT WARNING * * *
The gnoll misses you.
You barely miss the gnoll.
The gnoll is severely wounded.
The kobold completely misses you. The gnoll closely misses you.
The kobold hits you with a +0 short sword.
* * * LOW HITPOINT WARNING * * *
You hit the gnoll.
The gnoll is almost dead.
You block the gnoll's attack. You block the kobold's attack.
Unknown command.
You completely miss the gnoll.
The gnoll is almost dead.
The gnoll hits you with a +0 spear.
* * * LOW HITPOINT WARNING * * *
The kobold closely misses you. You block the gnoll's attack.
Unknown command.
Unknown command.
You barely miss the gnoll.
The gnoll is almost dead.
The kobold hits you but does no damage. The gnoll hits you with a +0 spear!
Ouch! That really hurt!
You die...

#.##..#
#.#..#...#.#####.#
#. #...
.....#...#.###.
#...
........?.......
.....
................
..........####.#
.........# .#
###.##...# .
#.##...######
#..g@K.......
.....##†..######
.... ........
####.##..###.# #
#... .. ...## ##
#... #...


You could see a gnoll and a kobold.

Vanquished Creatures
  A ball python (D:1)
  An endoplasm (D:1)
  A quokka (D:1)
  A frilled lizard (D:1)
  2 goblins (D:1)
  A rat (D:1)
7 creatures vanquished.

Notes
Turn   | Place    | Note
-------+----------+-------------------------------------------
     0 | D:1      | pkoi the Demigod Brigand began the quest for the Orb.
     0 | D:1      | Reached XP level 1. HP: 17/17 MP: 3/3
    56 | D:1      | Reached skill level 1 in Dodging
   338 | D:1      | Mangled by a gnoll

Illustrated notes

Levels and vault maps discovered:
D:1:      dpeg_arrival_water_altar, layout_basic,
          chequers_ecumenical_altar_island

Skill      XL: |  1 |
---------------+----+-----
Dodging        | 1 |  1.1
Short Blades   | 2 |  2.0
Fighting       | |  1.9
Throwing       | |  1.7
Stealth        | |  3.7
Shields        | |  0.1

Action                   || total
-------------------------++-------
Melee: Dagger            ||    22
 Stab: Sleeping          ||     2
Armor: Robe              ||     1
Dodge: Dodged            ||     9
Block: Kite shield       ||     6
